 Dungeon Crawl Stone Soup version 0.22.1-5-g62c59d9 (webtiles) character file.

155 Gadfly the Grave Robber (level 5, -3/38 HPs)
             Began as a Mummy Necromancer on Jan 12, 2019.
             Slain by a gnoll
             ... wielding a +0 spear
              (4 damage)
             ... on level 3 of the Dungeon.
             The game lasted 00:07:15 (3498 turns).

Gadfly the Grave Robber (Mummy Necromancer)         Turns: 3498, Time: 00:07:16

Health: -3/38      AC:  5    Str: 11    XL:     5   Next: 14%
Magic:  11/11      EV: 12    Int: 16    God:
Gold:   131        SH:  0    Dex: 12    Spells: 4/12 levels left

rFire    x . .     SeeInvis .   c - +0 spear
rCold    + . .     Gourm    .   (no shield)
rNeg     + + +     Faith    .   b - +0 robe
rPois    ∞         Spirit   .   e - +2 hat
rElec    .         Reflect  .   (no cloak)
rCorr    .         Harm     .   d - +0 pair of gloves
MR       .....                  (no boots)
Stlth    ++........             (no amulet)
HPRegen  0.12/turn              (no ring)
MPRegen  0.12/turn              (no ring)

@: no status effects
A: no food or potions, fire vulnerability, cold resistance 1, negative energy
resistance 3, torment resistance, unbreathing
a: no special abilities


You were on level 3 of the Dungeon.
You were not hungry.

You visited 1 branch of the dungeon, and saw 3 of its levels.

You collected 131 gold pieces.

Inventory:

Hand Weapons
 c - a +0 spear (weapon)
Missiles
 g - a throwing net (quivered)
Armour
 b - a +0 robe (worn)
 d - a +0 pair of gloves (worn)
 e - a +2 hat (worn)
Scrolls
 a - 2 scrolls of blinking {unknown}
 f - a scroll of remove curse {unknown}
 h - a scroll of enchant weapon {unknown}
 i - a scroll of fear {unknown}


   Skills:
 + Level 2.2 Fighting
 + Level 2.5 Dodging
 - Level 1.5 Stealth
 + Level 4.0 Spellcasting
 + Level 4.7 Necromancy


You had 4 spell levels left.
You knew the following spells:

 Your Spells              Type           Power        Failure   Level  Hunger
a - Pain                  Necr           ###.         2%          1    N/A
b - Vampiric Draining     Necr           ###.......   8%          3    N/A
c - Animate Dead          Necr           N/A          24%         4    N/A

Your spell library contained the following spells:

 Spells                   Type           Power        Failure   Level  Hunger
 Animate Skeleton         Necr           N/A          2%          1    N/A
 Regeneration             Chrm/Necr      Unusable     N/A         3    N/A

Dungeon Overview and Level Annotations

Branches:
Dungeon (3/15)

Altars:
Cheibriados
Xom


Innate Abilities, Weirdness & Mutations

You do not eat or drink.
Your flesh is vulnerable to fire.
You are immune to poison.
Your flesh is cold resistant. (rC+)
You are immune to negative energy. (rN+++)
You are immune to unholy pain and torment.
You can survive without breathing.


Message History

You closely miss the gnoll.
The gnoll is moderately wounded.
The gnoll hits you with a whip. The gnoll misses you.
The gnoll barely misses you.
You barely miss the gnoll.
The gnoll is moderately wounded.
The gnoll hits you from afar with a spear.
The gnoll hits you but does no damage.
The gnoll hits you from afar with a spear!
You barely miss the gnoll.
The gnoll is moderately wounded.
The gnoll hits you with a whip.
The gnoll hits you from afar with a spear.
* * * LOW HITPOINT WARNING * * *
You hit the gnoll.
The gnoll is moderately wounded.
The gnoll hits you with a whip!
* * * LOW HITPOINT WARNING * * *
The gnoll hits you from afar with a spear.
You die...

########......##
###........#..%..##
#............(..)..
#.#Z#####.#......##
# #.#.###
#.#.#...## #$
#.#...# #.#.......#
#####.##.###.#
#.###......
.........###.###.#
#.###.#
#####.#.g@.......#
#.# .# #
#g####.##### # #.#
#.# #g# #.# .g. #.#
).... #.#
..>.......
...........
##.......###


You could see 2 gnolls.

Vanquished Creatures
  An orc wizard (D:2)
  4 adders
  2 oozes
  2 worms (D:2)
  A dart slug (D:2)
  3 leopard geckos
  2 orcs (D:2)
  5 bats
  5 giant cockroaches
  6 hobgoblins
  5 jackals
  6 kobolds
  A quokka (D:3)
  2 ball pythons (D:1)
  3 frilled lizards
  10 goblins
  9 rats
67 creatures vanquished.

Vanquished Creatures (collateral kills)
  A hobgoblin (D:2)
1 creature vanquished.

Grand Total: 68 creatures vanquished

Notes
Turn   | Place    | Note
-------+----------+-------------------------------------------
     0 | D:1      | Gadfly the Mummy Necromancer began the quest for the Orb.
     0 | D:1      | Reached XP level 1. HP: 13/13 MP: 4/4
   407 | D:1      | Reached XP level 2. HP: 13/20 MP: 3/6
   912 | D:1      | Reached skill level 1 in Fighting
   964 | D:1      | Reached XP level 3. HP: 16/26 MP: 7/7
   969 | D:1      | Learned a level 3 spell: Vampiric Draining
  1618 | D:2      | Found a shimmering altar of Xom.
  1619 | D:2      | Found a shimmering altar of Xom.
  1649 | D:2      | Found a shimmering altar of Xom.
  1649 | D:2      | Found a shimmering altar of Xom.
  2281 | D:2      | Reached XP level 4. HP: 30/33 MP: 9/9
  2304 | D:2      | Learned a level 4 spell: Animate Dead
  2456 | D:2      | Found a snail-covered altar of Cheibriados.
  3274 | D:3      | Reached XP level 5. HP: 38/38 MP: 10/10
  3498 | D:3      | HP: 1/38 [gnoll/whip (10)]
  3498 | D:3      | Slain by a gnoll

Skill      XL: |  1  2  3  4  5 |
---------------+----------------+-----
Spellcasting   | 3 4 |  4.0
Fighting       | 1 2 |  2.2
Dodging        | 2 |  2.5
Stealth        | |  1.5
Necromancy     | |  4.7

Action                   |  1- 3 |  4- 6 || total
-------------------------+-------+-------++-------
Melee: Unarmed           |     9 |       ||     9
       Short sword       |     8 |       ||     8
       Club              |     2 |       ||     2
       Mace              |    52 |       ||    52
       Spear             |    52 |   166 ||   218
 Cast: Pain              |    37 |     5 ||    42
       Vampiric Draining |     6 |     3 ||     9
       Animate Dead      |       |     4 ||     4
  Use: Scroll            |     3 |       ||     3
 Stab: Sleeping          |     2 |     1 ||     3
Armor: Robe              |    49 |    46 ||    95
Dodge: Dodged            |   104 |   105 ||   209
